[ AOE2 MATCH · #488809849 ]
UnrankedPersians vs Persians
Player's team · LOSS
[ REPLAY ANALYSIS · EXTRACTED FROM THE RECORDED GAME ]
Feudal
8:40
Castle
—
Imperial
—
| APM avg | 52.5 |
| APM peak | 85 |
| eAPM avg | 22.3 |
| Villagers / military | 38 / 17 |
Focus
⚔️ 40.2% · 🌾 59.8%
Scout Cavalry ×17
Feudal
8:49
Castle
—
Imperial
—
| APM avg | 62.8 |
| APM peak | 96 |
| eAPM avg | 17.3 |
| Villagers / military | 42 / 16 |
Focus
⚔️ 27.5% · 🌾 72.5%
Scout Cavalry ×16
Feudal
9:02
Castle
—
Imperial
—
| APM avg | 63.5 |
| APM peak | 100 |
| eAPM avg | 21.1 |
| Villagers / military | 41 / 13 |
Focus
⚔️ 39.0% · 🌾 61.0%
Scout Cavalry ×13
Feudal
8:28
Castle
—
Imperial
—
| APM avg | 45.1 |
| APM peak | 99 |
| eAPM avg | 18.7 |
| Villagers / military | 31 / 16 |
Focus
⚔️ 41.9% · 🌾 58.1%
Archer ×16
Feudal
9:03
Castle
—
Imperial
—
| APM avg | 46.9 |
| APM peak | 65 |
| eAPM avg | 20.5 |
| Villagers / military | 38 / 11 |
Focus
⚔️ 30.3% · 🌾 69.7%
Scout Cavalry ×11
Feudal
10:43
Castle
—
Imperial
—
| APM avg | 45.4 |
| APM peak | 79 |
| eAPM avg | 24.4 |
| Villagers / military | 30 / 25 |
Focus
⚔️ 33.4% · 🌾 66.6%
Archer ×23 · Spearman ×2
Feudal
11:08
Castle
—
Imperial
—
| APM avg | 51.7 |
| APM peak | 93 |
| eAPM avg | 28.2 |
| Villagers / military | 47 / 15 |
Focus
⚔️ 33.2% · 🌾 66.8%
Spearman ×9 · Archer ×6
Feudal
8:51
Castle
—
Imperial
—
| APM avg | 81.3 |
| APM peak | 122 |
| eAPM avg | 36.7 |
| Villagers / military | 37 / 21 |
Focus
⚔️ 59.0% · 🌾 41.0%
Archer ×21
Match map
Initial resources + every placement click. Lines = walls · curves = elevation contours. ◆ gold · ⬟ stone · ● berries · ✦ relic · ◌ wall gap
Your base· Open — unwalled flank
Boris Pidjak's base· Open — unwalled flank
DL | Tortafuller's base· Open — unwalled flank
Collllin's base· Open — 4t gap
Niilcha's base· Open — 6t gap
Tio GG La venganza de los sith's base· Open — unwalled flank
EL_REY_TUT's base· Open — unwalled flank
FMG | GreatMaty's base· Open — 8t gap
Smoothed initial terrain · ◌ = detected wall gap · hover for details
Inputs per minute
— DL | The King Slayer - - Boris Pidjak
Build order — DL | The King Slayer
90 actions detected in the replay
| 0:04 | Build | House |
| 0:05 | Build | House |
| 0:06 | Create | Villager (Male) |
| 0:06 | Create | Villager (Male) |
| 0:06 | Create | Villager (Male) |
| 1:10 | Create | Villager (Male) |
| 1:10 | Create | Villager (Male) |
| 1:10 | Create | Villager (Male) |
| 1:25 | Create | Villager (Male) |
| 1:50 | Build | Lumber Camp |
| 1:53 | Create | Villager (Male) |
| 2:39 | Create | Villager (Male) |
| 2:54 | Create | Villager (Male) |
| 3:09 | Create | Villager (Male) |
| 3:28 | Create | Villager (Male) |
| 3:36 | Build | House |
| 4:29 | Create | Villager (Male) |
| 4:38 | Create | Villager (Male) |
| 4:38 | Create | Villager (Male) |
| 4:43 | Build | House |
| 4:54 | Create | Villager (Male) |
| 5:20 | Create | Villager (Male) |
| 5:29 | Build | Mill |
| 5:33 | Create | Villager (Male) |
| 5:52 | Research | Loom |
| 6:36 | Research | Feudal Age |
| 6:37 | Research | Feudal Age |
| 7:39 | Build | Barracks |
| 8:07 | Build | House |
| 8:09 | Build | Palisade Wall |
| 8:24 | Create | Villager (Male) |
| 8:25 | Create | Villager (Male) |
| 8:40 | Age | Feudal Age |
| 8:42 | Build | Stable |
| 9:06 | Create | Villager (Male) |
| 9:19 | Create | Villager (Male) |
| 9:22 | Create | Scout Cavalry |
| 9:29 | Build | Farm |
| 9:29 | Build | Farm |
| 9:54 | Create | Villager (Male) |
| 9:57 | Create | Villager (Male) |
| 9:59 | Build | Farm |
| 9:59 | Build | Farm |
| 10:09 | Create | Scout Cavalry |
| 10:09 | Create | Scout Cavalry |
| 10:19 | Create | Villager (Male) |
| 10:25 | Build | Farm |
| 10:44 | Create | Scout Cavalry |
| 11:06 | Build | Farm |
| 11:08 | Create | Villager (Male) |
| 11:16 | Create | Scout Cavalry |
| 11:21 | Build | House |
| 11:22 | Build | House |
| 11:34 | Create | Villager (Male) |
| 11:34 | Create | Villager (Male) |
| 11:50 | Create | Scout Cavalry |
| 11:56 | Build | Blacksmith |
| 12:10 | Create | Villager (Male) |
| 12:20 | Create | Scout Cavalry |
| 12:49 | Create | Scout Cavalry |
| 12:56 | Create | Villager (Male) |
| 13:05 | Create | Scout Cavalry |
| 13:06 | Create | Villager (Male) |
| 13:16 | Build | Palisade Wall |
| 13:22 | Create | Scout Cavalry |
| 13:40 | Create | Villager (Male) |
| 13:40 | Create | Villager (Male) |
| 14:00 | Build | Farm |
| 14:01 | Build | Farm |
| 14:02 | Create | Scout Cavalry |
| 14:04 | Create | Villager (Male) |
| 14:17 | Build | House |
| 14:19 | Build | Farm |
| 14:20 | Build | Farm |
| 14:21 | Build | Farm |
| 14:23 | Create | Scout Cavalry |
| 14:31 | Build | Farm |
| 14:53 | Create | Scout Cavalry |
| 14:53 | Create | Scout Cavalry |
| 15:22 | Create | Scout Cavalry |
| 15:23 | Create | Villager (Male) |
| 15:23 | Create | Villager (Male) |
| 15:28 | Research | Scale Barding Armor |
| 15:34 | Create | Scout Cavalry |
| 15:37 | Build | Farm |
| 15:54 | Create | Scout Cavalry |
| 15:57 | Build | Farm |
| 15:59 | Create | Villager (Male) |
| 16:11 | Build | House |
| 16:14 | Create | Villager (Male) |
Build order — Boris Pidjak
101 actions detected in the replay
| 0:01 | Create | Villager (Male) ×5 |
| 0:02 | Build | House |
| 0:03 | Build | House |
| 1:33 | Create | Villager (Male) |
| 2:17 | Create | Villager (Male) |
| 2:17 | Create | Villager (Male) |
| 2:24 | Build | Lumber Camp |
| 2:57 | Build | House |
| 3:06 | Create | Villager (Male) |
| 3:07 | Create | Villager (Male) |
| 3:07 | Create | Villager (Male) |
| 3:53 | Create | Villager (Male) |
| 3:53 | Create | Villager (Male) |
| 3:53 | Create | Villager (Male) |
| 4:05 | Build | Mill |
| 4:16 | Create | Villager (Male) |
| 4:17 | Create | Villager (Male) |
| 4:30 | Build | House |
| 5:14 | Build | House |
| 5:28 | Create | Villager (Male) |
| 5:29 | Create | Villager (Male) |
| 6:21 | Research | Loom |
| 6:36 | Research | Feudal Age |
| 6:36 | Research | Feudal Age |
| 7:04 | Build | Barracks |
| 7:07 | Build | Barracks |
| 8:13 | Build | House |
| 8:27 | Create | Villager (Male) |
| 8:27 | Create | Villager (Male) |
| 8:49 | Age | Feudal Age |
| 8:52 | Build | Stable |
| 8:59 | Build | Blacksmith |
| 9:04 | Research | Double-Bit Axe |
| 9:10 | Build | Palisade Gate |
| 9:22 | Build | House |
| 9:23 | Build | House |
| 9:25 | Create | Villager (Male) |
| 9:34 | Create | Scout Cavalry |
| 9:34 | Create | Scout Cavalry |
| 9:34 | Create | Scout Cavalry |
| 9:45 | Create | Villager (Male) |
| 9:54 | Build | Farm |
| 10:00 | Create | Scout Cavalry |
| 10:01 | Create | Scout Cavalry |
| 10:16 | Build | Farm |
| 10:20 | Create | Villager (Male) |
| 10:23 | Build | Farm |
| 10:41 | Create | Villager (Male) |
| 10:46 | Build | Farm |
| 10:51 | Create | Scout Cavalry |
| 11:03 | Build | Farm |
| 11:07 | Create | Villager (Male) |
| 11:07 | Create | Villager (Male) |
| 11:07 | Create | Villager (Male) |
| 11:22 | Research | Horse Collar |
| 11:22 | Research | Horse Collar |
| 11:25 | Create | Villager (Male) |
| 11:40 | Build | Farm |
| 11:50 | Build | Farm |
| 11:51 | Create | Villager (Male) |
| 12:15 | Create | Villager (Male) |
| 12:17 | Build | Farm |
| 12:21 | Build | Farm |
| 12:24 | Create | Scout Cavalry |
| 12:53 | Create | Scout Cavalry |
| 12:58 | Build | Farm |
| 13:00 | Build | Farm |
| 13:02 | Build | Farm |
| 13:07 | Create | Scout Cavalry |
| 13:08 | Create | Scout Cavalry |
| 13:11 | Create | Villager (Male) |
| 13:11 | Create | Villager (Male) |
| 13:13 | Build | Farm |
| 13:20 | Build | Farm |
| 13:34 | Create | Villager (Male) |
| 13:36 | Build | Farm |
| 13:42 | Create | Scout Cavalry |
| 13:42 | Create | Scout Cavalry |
| 13:46 | Build | Farm |
| 13:55 | Create | Villager (Male) |
| 14:02 | Build | Farm |
| 14:05 | Create | Villager (Male) |
| 14:06 | Create | Villager (Male) |
| 14:14 | Build | House |
| 14:17 | Build | House |
| 14:18 | Create | Villager (Male) |
| 14:21 | Create | Scout Cavalry |
| 14:21 | Create | Scout Cavalry |
| 14:36 | Research | Scale Barding Armor |
| 14:36 | Research | Scale Barding Armor |
| 14:43 | Create | Villager (Male) |
| 14:45 | Build | Farm |
| 14:50 | Build | Farm |
| 15:08 | Create | Villager (Male) |
| 15:23 | Create | Scout Cavalry |
| 15:23 | Create | Villager (Male) |
| 15:30 | Build | Mining Camp |
| 15:37 | Create | Scout Cavalry |
| 15:38 | Create | Villager (Male) |
| 15:38 | Create | Villager (Male) |
| 15:40 | Build | Farm |
Build order — DL | Tortafuller
106 actions detected in the replay
| 0:00 | Create | Villager (Male) |
| 0:01 | Create | Villager (Male) |
| 0:01 | Create | Villager (Male) |
| 0:01 | Create | Villager (Male) |
| 0:01 | Create | Villager (Male) |
| 0:02 | Build | House |
| 0:04 | Build | House |
| 1:34 | Create | Villager (Male) |
| 2:08 | Create | Villager (Male) |
| 2:09 | Create | Villager (Male) |
| 2:24 | Create | Villager (Male) |
| 2:25 | Create | Villager (Male) |
| 2:37 | Build | Lumber Camp |
| 2:49 | Create | Villager (Male) |
| 2:49 | Create | Villager (Male) |
| 2:49 | Create | Villager (Male) |
| 3:10 | Create | Villager (Male) |
| 3:10 | Create | Villager (Male) |
| 3:48 | Create | Villager (Male) |
| 4:00 | Build | House |
| 4:24 | Create | Villager (Male) |
| 4:25 | Create | Villager (Male) |
| 4:25 | Create | Villager (Male) |
| 4:25 | Create | Villager (Male) |
| 4:31 | Build | House |
| 5:28 | Create | Villager (Male) |
| 5:45 | Create | Villager (Male) |
| 5:48 | Build | Mill |
| 6:13 | Create | Villager (Male) |
| 6:52 | Research | Feudal Age |
| 6:53 | Research | Loom |
| 8:01 | Build | Barracks |
| 9:02 | Age | Feudal Age |
| 9:04 | Build | Stable |
| 9:11 | Create | Villager (Male) |
| 9:19 | Research | Double-Bit Axe |
| 9:28 | Create | Villager (Male) |
| 9:34 | Research | Horse Collar |
| 9:54 | Create | Villager (Male) |
| 9:55 | Create | Scout Cavalry |
| 9:57 | Build | House |
| 10:03 | Create | Scout Cavalry |
| 10:08 | Create | Villager (Male) |
| 10:20 | Build | House |
| 10:25 | Build | Farm |
| 10:35 | Create | Scout Cavalry |
| 10:42 | Build | Farm |
| 10:48 | Create | Villager (Male) |
| 10:57 | Build | House |
| 10:58 | Create | Scout Cavalry |
| 11:06 | Build | Farm |
| 11:21 | Create | Villager (Male) |
| 11:27 | Build | Farm |
| 11:28 | Build | Farm |
| 11:44 | Create | Scout Cavalry |
| 11:44 | Create | Villager (Male) |
| 11:45 | Create | Villager (Male) |
| 11:49 | Build | Farm |
| 11:55 | Build | Farm |
| 11:57 | Build | Palisade Wall |
| 12:01 | Build | Palisade Wall |
| 12:03 | Build | Palisade Wall |
| 12:08 | Create | Villager (Male) |
| 12:18 | Create | Scout Cavalry |
| 12:23 | Build | Farm |
| 12:26 | Create | Villager (Male) |
| 12:40 | Create | Scout Cavalry |
| 12:46 | Build | Farm |
| 12:49 | Build | House |
| 12:52 | Build | Farm |
| 13:05 | Create | Villager (Male) |
| 13:16 | Build | Palisade Wall |
| 13:19 | Create | Scout Cavalry |
| 13:33 | Build | House |
| 13:36 | Build | Palisade Wall |
| 13:44 | Build | House |
| 13:45 | Build | Palisade Wall |
| 13:46 | Create | Villager (Male) |
| 13:47 | Create | Scout Cavalry |
| 14:02 | Create | Villager (Male) |
| 14:05 | Build | Farm |
| 14:05 | Build | Farm |
| 14:06 | Build | Farm |
| 14:06 | Build | Farm |
| 14:13 | Build | Farm |
| 14:16 | Build | Farm |
| 14:19 | Create | Scout Cavalry |
| 14:35 | Build | House |
| 14:37 | Create | Villager (Male) |
| 14:43 | Create | Villager (Male) |
| 14:45 | Build | House |
| 15:01 | Create | Villager (Male) |
| 15:04 | Build | Farm |
| 15:04 | Build | Farm |
| 15:05 | Build | Farm |
| 15:14 | Create | Scout Cavalry |
| 15:14 | Create | Scout Cavalry |
| 15:28 | Build | Farm |
| 15:31 | Build | Palisade Gate |
| 15:37 | Create | Scout Cavalry |
| 15:45 | Create | Villager (Male) |
| 15:49 | Build | Palisade Wall |
| 15:54 | Build | Palisade Wall |
| 15:57 | Build | Palisade Wall |
| 16:02 | Create | Villager (Male) |
| 16:16 | Build | Lumber Camp |
Build order — Collllin
82 actions detected in the replay
| 0:00 | Create | Villager (Male) |
| 0:02 | Build | House |
| 0:03 | Build | House |
| 0:22 | Create | Villager (Male) |
| 0:32 | Create | Villager (Male) |
| 0:32 | Create | Villager (Male) |
| 0:33 | Create | Villager (Male) |
| 1:24 | Create | Villager (Male) |
| 1:57 | Build | Settlement |
| 2:00 | Create | Villager (Male) |
| 2:01 | Create | Villager (Male) |
| 2:20 | Create | Villager (Male) |
| 2:54 | Create | Villager (Male) |
| 3:18 | Create | Villager (Male) |
| 3:19 | Create | Villager (Male) |
| 3:38 | Create | Villager (Male) |
| 3:48 | Create | Villager (Male) |
| 4:38 | Create | Villager (Male) |
| 5:03 | Create | Villager (Male) |
| 5:13 | Create | Villager (Male) |
| 5:33 | Research | Loom |
| 6:13 | Research | Feudal Age |
| 6:14 | Research | Feudal Age |
| 6:28 | Build | Settlement |
| 7:18 | Build | Barracks |
| 7:41 | Create | Villager (Male) |
| 7:58 | Build | Palisade Wall |
| 7:59 | Build | Palisade Wall |
| 8:00 | Build | Palisade Wall |
| 8:26 | Build | Palisade Wall |
| 8:27 | Build | Palisade Wall |
| 8:28 | Build | Palisade Wall |
| 8:28 | Age | Feudal Age |
| 8:28 | Build | Palisade Wall |
| 8:30 | Build | Archery Range |
| 8:31 | Create | Villager (Male) |
| 8:40 | Build | House |
| 9:04 | Create | Villager (Male) |
| 9:12 | Build | Archery Range |
| 9:14 | Research | Double-Bit Axe |
| 9:16 | Create | Villager (Male) |
| 9:21 | Build | House |
| 9:32 | Create | Villager (Male) |
| 9:36 | Create | Archer |
| 10:00 | Create | Archer |
| 10:25 | Build | Blacksmith |
| 10:29 | Create | Villager (Male) |
| 10:49 | Create | Archer |
| 10:51 | Create | Villager (Male) |
| 10:59 | Build | Palisade Wall |
| 11:15 | Create | Archer |
| 11:25 | Build | Palisade Wall |
| 11:26 | Build | Palisade Wall |
| 11:28 | Create | Villager (Male) |
| 11:30 | Create | Archer |
| 11:46 | Research | Fletching |
| 11:59 | Build | Farm |
| 12:03 | Build | Farm |
| 12:19 | Create | Villager (Male) |
| 12:53 | Create | Archer |
| 12:53 | Create | Archer |
| 12:56 | Create | Villager (Male) |
| 13:01 | Build | Farm |
| 13:05 | Build | Farm |
| 13:07 | Create | Archer |
| 13:07 | Create | Archer |
| 13:16 | Create | Archer |
| 13:17 | Create | Villager (Male) |
| 13:30 | Create | Archer |
| 13:48 | Create | Villager (Male) |
| 13:57 | Create | Villager (Male) |
| 14:01 | Build | Farm |
| 14:08 | Build | House |
| 14:14 | Build | House |
| 14:26 | Create | Archer |
| 14:29 | Build | Palisade Wall |
| 14:32 | Build | House |
| 14:50 | Create | Archer |
| 15:13 | Create | Archer |
| 15:13 | Create | Archer |
| 15:23 | Create | Archer |
| 15:27 | Create | Villager (Male) |
Build order — Niilcha
100 actions detected in the replay
| 0:00 | Create | Villager (Male) |
| 0:01 | Create | Villager (Male) |
| 0:02 | Build | House |
| 0:03 | Build | House |
| 0:05 | Create | Villager (Male) |
| 0:05 | Create | Villager (Male) |
| 1:09 | Create | Villager (Male) |
| 1:51 | Create | Villager (Male) |
| 1:51 | Create | Villager (Male) |
| 2:21 | Create | Villager (Male) |
| 2:55 | Build | Lumber Camp |
| 3:01 | Create | Villager (Male) |
| 3:01 | Create | Villager (Male) |
| 3:02 | Create | Villager (Male) |
| 3:18 | Create | Villager (Male) |
| 3:19 | Create | Villager (Male) |
| 3:49 | Create | Villager (Male) |
| 3:49 | Create | Villager (Male) |
| 3:59 | Build | House |
| 4:20 | Create | Villager (Male) |
| 4:38 | Create | Villager (Male) |
| 4:43 | Create | Villager (Male) |
| 4:43 | Create | Villager (Male) |
| 4:45 | Build | House |
| 5:27 | Build | Mill |
| 5:53 | Create | Villager (Male) |
| 6:17 | Create | Villager (Male) |
| 6:53 | Research | Feudal Age |
| 6:55 | Research | Loom |
| 7:43 | Build | Barracks |
| 7:53 | Create | Villager (Male) |
| 8:33 | Build | House |
| 9:03 | Age | Feudal Age |
| 9:07 | Build | Stable |
| 9:20 | Research | Double-Bit Axe |
| 9:30 | Build | Palisade Gate |
| 9:44 | Build | House |
| 9:53 | Create | Villager (Male) |
| 9:54 | Create | Scout Cavalry |
| 9:56 | Create | Villager (Male) |
| 10:00 | Research | Horse Collar |
| 10:14 | Build | House |
| 10:18 | Build | Palisade Wall |
| 10:24 | Build | Farm |
| 10:27 | Create | Scout Cavalry |
| 10:29 | Create | Villager (Male) |
| 10:38 | Create | Villager (Male) |
| 10:42 | Build | House |
| 10:45 | Create | Scout Cavalry |
| 10:47 | Build | Farm |
| 10:49 | Build | Farm |
| 11:08 | Create | Villager (Male) |
| 11:11 | Build | Farm |
| 11:16 | Build | Palisade Wall |
| 11:17 | Build | Palisade Wall |
| 11:24 | Create | Scout Cavalry |
| 11:35 | Build | House |
| 11:35 | Build | Palisade Wall |
| 11:40 | Create | Villager (Male) |
| 11:42 | Build | Farm |
| 11:59 | Create | Scout Cavalry |
| 12:00 | Create | Villager (Male) |
| 12:02 | Build | Farm |
| 12:22 | Build | Farm |
| 12:25 | Create | Villager (Male) |
| 12:34 | Create | Villager (Male) |
| 12:39 | Build | Palisade Wall |
| 12:41 | Build | Farm |
| 12:42 | Build | Farm |
| 12:48 | Create | Scout Cavalry |
| 12:54 | Build | Palisade Wall |
| 12:58 | Build | Farm |
| 13:02 | Create | Scout Cavalry |
| 13:11 | Create | Villager (Male) |
| 13:20 | Build | Blacksmith |
| 13:33 | Create | Scout Cavalry |
| 13:45 | Create | Villager (Male) |
| 13:54 | Build | Farm |
| 14:01 | Build | Farm |
| 14:03 | Build | Farm |
| 14:03 | Create | Villager (Male) |
| 14:17 | Create | Scout Cavalry |
| 14:24 | Build | Farm |
| 14:26 | Build | Farm |
| 14:27 | Build | Farm |
| 14:37 | Create | Villager (Male) |
| 14:40 | Create | Scout Cavalry |
| 15:03 | Build | Lumber Camp |
| 15:05 | Build | Farm |
| 15:05 | Build | Farm |
| 15:14 | Create | Villager (Male) |
| 15:20 | Build | Farm |
| 15:21 | Build | Farm |
| 15:26 | Build | House |
| 15:30 | Create | Scout Cavalry |
| 15:39 | Research | Forging |
| 15:40 | Create | Villager (Male) |
| 15:48 | Build | Farm |
| 15:52 | Build | Farm |
| 16:03 | Create | Villager (Male) |
Build order — Tio GG La venganza de los sith
107 actions detected in the replay
| 0:02 | Research | Loom |
| 0:02 | Build | House |
| 0:03 | Build | House |
| 0:16 | Create | Villager (Male) |
| 0:18 | Create | Villager (Male) |
| 0:25 | Create | Villager (Male) |
| 1:45 | Create | Villager (Male) |
| 2:08 | Create | Villager (Male) |
| 2:18 | Build | Lumber Camp |
| 2:34 | Create | Villager (Male) |
| 2:51 | Create | Villager (Male) |
| 3:20 | Create | Villager (Male) |
| 3:27 | Build | House |
| 3:36 | Build | Palisade Wall |
| 3:40 | Build | Palisade Wall |
| 3:49 | Build | Palisade Wall |
| 3:54 | Create | Villager (Male) |
| 4:00 | Create | Villager (Male) |
| 4:01 | Build | House |
| 4:15 | Create | Villager (Male) |
| 4:31 | Build | House |
| 5:13 | Create | Villager (Male) |
| 5:33 | Build | Mill |
| 5:41 | Create | Villager (Male) |
| 5:55 | Build | House |
| 6:00 | Create | Villager (Male) |
| 6:15 | Build | Palisade Wall |
| 6:16 | Build | Palisade Wall |
| 6:18 | Build | Palisade Wall |
| 6:23 | Create | Villager (Male) |
| 7:00 | Create | Villager (Male) |
| 7:10 | Create | Villager (Male) |
| 7:16 | Create | Villager (Male) |
| 7:24 | Create | Villager (Male) |
| 8:33 | Research | Feudal Age |
| 8:58 | Build | Barracks |
| 9:11 | Create | Villager (Male) |
| 9:22 | Build | Palisade Wall |
| 9:38 | Create | Villager (Male) |
| 9:40 | Build | Mining Camp |
| 9:52 | Create | Villager (Male) |
| 10:04 | Create | Villager (Male) |
| 10:43 | Age | Feudal Age |
| 10:44 | Build | Archery Range |
| 10:46 | Build | Archery Range |
| 11:04 | Research | Double-Bit Axe |
| 11:05 | Create | Villager (Male) |
| 11:13 | Build | Palisade Wall |
| 11:27 | Create | Villager (Male) |
| 11:31 | Create | Spearman |
| 11:34 | Create | Villager (Male) |
| 11:36 | Create | Archer |
| 11:43 | Build | House |
| 11:56 | Create | Archer |
| 11:56 | Create | Archer |
| 12:10 | Create | Villager (Male) |
| 12:21 | Build | Blacksmith |
| 12:38 | Create | Archer |
| 12:42 | Create | Villager (Male) |
| 12:46 | Create | Archer |
| 12:49 | Build | Palisade Wall |
| 12:56 | Create | Archer |
| 12:58 | Create | Archer |
| 13:20 | Build | House |
| 13:24 | Build | House |
| 13:26 | Create | Archer |
| 13:27 | Create | Archer |
| 13:36 | Build | House |
| 13:38 | Build | Palisade Wall |
| 13:39 | Build | Palisade Wall |
| 13:41 | Build | Palisade Wall |
| 13:45 | Create | Archer |
| 13:45 | Create | Archer |
| 13:48 | Research | Fletching |
| 13:49 | Create | Archer |
| 13:52 | Build | Palisade Wall |
| 13:53 | Create | Archer |
| 13:57 | Create | Archer |
| 14:16 | Build | Mill |
| 14:21 | Build | House |
| 14:22 | Create | Archer |
| 14:23 | Create | Archer |
| 14:26 | Build | Palisade Wall |
| 14:34 | Build | Palisade Wall |
| 14:35 | Build | Palisade Gate |
| 14:38 | Build | Palisade Wall |
| 14:40 | Build | House |
| 14:44 | Build | Palisade Wall |
| 14:53 | Build | Palisade Wall |
| 14:57 | Create | Archer |
| 14:57 | Create | Archer |
| 15:00 | Build | Palisade Gate |
| 15:01 | Create | Archer |
| 15:08 | Create | Villager (Male) |
| 15:13 | Create | Spearman |
| 15:14 | Build | House |
| 15:28 | Build | Farm |
| 15:30 | Create | Archer |
| 15:31 | Create | Archer |
| 15:39 | Build | House |
| 15:40 | Build | Palisade Wall |
| 15:51 | Create | Villager (Male) |
| 16:00 | Create | Archer |
| 16:03 | Build | Palisade Wall |
| 16:07 | Build | Farm |
| 16:20 | Build | House |
| 16:23 | Create | Archer |
Build order — EL_REY_TUT
102 actions detected in the replay
| 0:00 | Create | Villager (Male) |
| 0:01 | Create | Villager (Male) |
| 0:01 | Create | Villager (Male) |
| 0:02 | Build | House |
| 0:03 | Build | House |
| 0:15 | Create | Villager (Male) |
| 0:15 | Create | Villager (Male) |
| 1:29 | Create | Villager (Male) |
| 1:30 | Create | Villager (Male) |
| 1:48 | Build | Lumber Camp |
| 2:04 | Create | Villager (Male) |
| 2:04 | Create | Villager (Male) |
| 2:05 | Create | Villager (Male) |
| 2:19 | Create | Villager (Male) |
| 2:19 | Create | Villager (Male) |
| 3:06 | Create | Villager (Male) |
| 3:07 | Create | Villager (Male) |
| 3:25 | Create | Villager (Male) |
| 3:25 | Create | Villager (Male) |
| 3:38 | Create | Villager (Male) |
| 4:26 | Create | Villager (Male) |
| 4:26 | Create | Villager (Male) |
| 4:26 | Create | Villager (Male) |
| 4:42 | Create | Villager (Male) |
| 4:42 | Create | Villager (Male) |
| 4:51 | Create | Villager (Male) |
| 4:54 | Create | Villager (Male) |
| 4:54 | Create | Villager (Male) |
| 5:19 | Create | Villager (Male) |
| 5:21 | Build | House |
| 5:23 | Research | Loom |
| 5:29 | Create | Villager (Male) |
| 5:29 | Create | Villager (Male) |
| 5:29 | Create | Villager (Male) |
| 5:34 | Create | Villager (Male) |
| 5:34 | Create | Villager (Male) |
| 6:23 | Create | Villager (Male) |
| 6:40 | Build | Palisade Wall |
| 6:57 | Build | Palisade Wall |
| 7:01 | Build | Palisade Wall |
| 7:04 | Build | Palisade Wall |
| 7:07 | Build | Palisade Wall |
| 7:13 | Build | Palisade Wall |
| 7:20 | Build | Palisade Wall |
| 7:24 | Create | Villager (Male) |
| 7:41 | Build | Palisade Wall |
| 7:44 | Build | Palisade Wall |
| 7:49 | Create | Villager (Male) |
| 7:57 | Build | House |
| 8:26 | Create | Villager (Male) |
| 8:31 | Build | Mill |
| 8:58 | Research | Feudal Age |
| 8:58 | Research | Feudal Age |
| 9:13 | Build | Mining Camp |
| 9:27 | Build | Palisade Wall |
| 9:41 | Create | Villager (Male) |
| 9:49 | Build | Barracks |
| 10:26 | Build | Lumber Camp |
| 11:08 | Age | Feudal Age |
| 11:18 | Create | Villager (Male) |
| 11:21 | Build | Archery Range |
| 11:40 | Build | Archery Range |
| 11:42 | Create | Villager (Male) |
| 11:46 | Build | Palisade Wall |
| 11:50 | Build | Palisade Wall |
| 11:52 | Research | Double-Bit Axe |
| 11:59 | Create | Spearman |
| 11:59 | Create | Spearman |
| 12:10 | Create | Archer |
| 12:15 | Build | House |
| 12:28 | Build | Farm |
| 12:36 | Build | Farm |
| 12:41 | Create | Villager (Male) |
| 12:47 | Build | Farm |
| 12:58 | Create | Spearman |
| 13:08 | Create | Villager (Male) |
| 13:14 | Create | Spearman |
| 13:20 | Create | Archer |
| 13:35 | Create | Spearman |
| 13:39 | Build | Farm |
| 13:41 | Build | House |
| 13:44 | Create | Villager (Male) |
| 13:53 | Create | Archer |
| 13:57 | Build | House |
| 14:00 | Create | Spearman |
| 14:01 | Create | Spearman |
| 14:14 | Create | Spearman |
| 14:30 | Create | Villager (Male) |
| 14:33 | Build | Farm |
| 14:52 | Create | Archer |
| 15:03 | Create | Archer |
| 15:03 | Create | Villager (Male) |
| 15:07 | Build | Farm |
| 15:24 | Create | Villager (Male) |
| 15:28 | Build | Farm |
| 15:35 | Create | Villager (Male) |
| 15:40 | Create | Villager (Male) |
| 15:44 | Build | Farm |
| 15:51 | Create | Archer |
| 15:51 | Create | Spearman |
| 16:00 | Build | House |
| 16:10 | Create | Villager (Male) |
Build order — FMG | GreatMaty
98 actions detected in the replay
| 0:01 | Create | Villager (Male) |
| 0:01 | Create | Villager (Male) |
| 0:02 | Build | House |
| 0:03 | Build | House |
| 0:13 | Create | Villager (Male) |
| 0:14 | Create | Villager (Male) |
| 0:14 | Create | Villager (Male) |
| 1:14 | Create | Villager (Male) |
| 1:49 | Create | Villager (Male) |
| 1:49 | Create | Villager (Male) |
| 2:19 | Build | Lumber Camp |
| 2:25 | Create | Villager (Male) |
| 2:25 | Create | Villager (Male) |
| 2:51 | Create | Villager (Male) |
| 2:52 | Create | Villager (Male) |
| 3:12 | Create | Villager (Male) |
| 3:12 | Create | Villager (Male) |
| 3:13 | Create | Villager (Male) |
| 3:38 | Build | House |
| 3:55 | Create | Villager (Male) |
| 4:31 | Create | Villager (Male) |
| 4:56 | Create | Villager (Male) |
| 5:11 | Build | Mining Camp |
| 5:15 | Create | Villager (Male) |
| 5:42 | Create | Villager (Male) |
| 5:43 | Research | Loom |
| 6:25 | Research | Feudal Age |
| 6:25 | Research | Feudal Age |
| 7:10 | Build | House |
| 7:19 | Create | Villager (Male) |
| 7:44 | Build | Barracks |
| 8:51 | Age | Feudal Age |
| 8:53 | Build | Archery Range |
| 8:54 | Build | Archery Range |
| 9:04 | Create | Villager (Male) |
| 9:18 | Research | Double-Bit Axe |
| 9:34 | Create | Villager (Male) |
| 9:38 | Create | Archer |
| 9:45 | Create | Archer |
| 10:00 | Create | Archer |
| 10:02 | Create | Villager (Male) |
| 10:05 | Build | Blacksmith |
| 10:24 | Build | House |
| 10:25 | Create | Villager (Male) |
| 10:26 | Create | Archer |
| 10:27 | Create | Archer |
| 10:27 | Create | Archer |
| 10:38 | Build | House |
| 10:45 | Build | House |
| 10:47 | Create | Archer |
| 11:02 | Create | Villager (Male) |
| 11:12 | Build | Palisade Wall |
| 11:21 | Create | Archer |
| 11:22 | Create | Villager (Male) |
| 11:27 | Build | Mill |
| 11:37 | Create | Archer |
| 11:47 | Build | Palisade Wall |
| 11:48 | Build | Palisade Wall |
| 11:56 | Research | Fletching |
| 11:56 | Research | Fletching |
| 12:16 | Build | Farm |
| 12:18 | Build | Farm |
| 12:34 | Create | Archer |
| 12:53 | Create | Archer |
| 12:59 | Create | Archer |
| 13:10 | Create | Villager (Male) |
| 13:20 | Build | Farm |
| 13:26 | Create | Villager (Male) |
| 13:32 | Build | House |
| 13:33 | Build | Palisade Wall |
| 13:35 | Create | Archer |
| 13:36 | Create | Archer |
| 13:36 | Create | Villager (Male) |
| 13:36 | Create | Villager (Male) |
| 13:39 | Build | House |
| 13:48 | Create | Archer |
| 14:02 | Build | Farm |
| 14:03 | Build | Farm |
| 14:08 | Create | Archer |
| 14:11 | Build | House |
| 14:24 | Create | Archer |
| 14:24 | Create | Villager (Male) |
| 14:57 | Create | Villager (Male) |
| 14:58 | Create | Archer |
| 15:01 | Build | House |
| 15:19 | Create | Villager (Male) |
| 15:21 | Create | Archer |
| 15:28 | Create | Villager (Male) |
| 15:32 | Build | Farm |
| 15:37 | Build | Farm |
| 15:39 | Build | Farm |
| 15:42 | Build | House |
| 15:51 | Build | House |
| 15:54 | Create | Archer |
| 15:54 | Create | Archer |
| 16:07 | Create | Villager (Male) |
| 16:09 | Build | Farm |
| 16:10 | Create | Villager (Male) |
Match timeline
| 3:36 | Tio GG La venganza de los sith · wall_segment Palisade Wall x1 |
| 3:40 | Tio GG La venganza de los sith · wall_segment Palisade Wall x1 |
| 3:49 | Tio GG La venganza de los sith · wall_segment Palisade Wall x1 |
| 6:15 | Tio GG La venganza de los sith · wall_segment Palisade Wall x1 |
| 6:16 | Tio GG La venganza de los sith · wall_segment Palisade Wall x1 |
| 6:18 | Tio GG La venganza de los sith · wall_segment Palisade Wall x1 |
| 6:40 | EL_REY_TUT · wall_segment Palisade Wall x1 |
| 6:57 | EL_REY_TUT · wall_segment Palisade Wall x1 |
| 7:01 | EL_REY_TUT · wall_segment Palisade Wall x1 |
| 7:04 | EL_REY_TUT · wall_segment Palisade Wall x1 |
| 7:04 | Boris Pidjak · first_building Barracks |
| 7:07 | EL_REY_TUT · wall_segment Palisade Wall x1 |
| 7:13 | EL_REY_TUT · wall_segment Palisade Wall x1 |
| 7:18 | Collllin · first_building Barracks |
| 7:20 | EL_REY_TUT · wall_segment Palisade Wall x1 |
| 7:39 | DL | The King Slayer · first_building Barracks |
| 7:41 | EL_REY_TUT · wall_segment Palisade Wall x1 |
| 7:43 | Niilcha · first_building Barracks |
| 7:44 | FMG | GreatMaty · first_building Barracks |
| 7:44 | EL_REY_TUT · wall_segment Palisade Wall x1 |
| 7:58 | Collllin · wall_segment Palisade Wall x1 |
| 7:59 | Collllin · wall_segment Palisade Wall x1 |
| 8:00 | Collllin · wall_segment Palisade Wall x1 |
| 8:01 | DL | Tortafuller · first_building Barracks |
| 8:09 | DL | The King Slayer · wall_segment Palisade Wall x9 |
| 8:26 | Collllin · wall_segment Palisade Wall x3 |
| 8:27 | Collllin · wall_segment Palisade Wall x1 |
| 8:28 | Collllin · wall_segment Palisade Wall x1 |
| 8:28 | Collllin · age_up feudal |
| 8:28 | Collllin · wall_segment Palisade Wall x1 |
| 8:30 | Collllin · first_building Archery Range |
| 8:40 | DL | The King Slayer · age_up feudal |
| 8:42 | DL | The King Slayer · first_building Stable |
| 8:49 | Boris Pidjak · age_up feudal |
| 8:51 | FMG | GreatMaty · age_up feudal |
| 8:52 | Boris Pidjak · first_building Stable |
| 8:53 | FMG | GreatMaty · first_building Archery Range |
| 8:58 | Tio GG La venganza de los sith · first_building Barracks |
| 9:02 | DL | Tortafuller · age_up feudal |
| 9:03 | Niilcha · age_up feudal |
| 9:04 | DL | Tortafuller · first_building Stable |
| 9:07 | Niilcha · first_building Stable |
| 9:22 | Tio GG La venganza de los sith · wall_segment Palisade Wall x3 |
| 9:27 | EL_REY_TUT · wall_segment Palisade Wall x1 |
| 9:49 | EL_REY_TUT · first_building Barracks |
| 10:18 | Niilcha · wall_segment Palisade Wall x6 |
| 10:43 | Tio GG La venganza de los sith · age_up feudal |
| 10:44 | Tio GG La venganza de los sith · first_building Archery Range |
| 10:59 | Collllin · wall_segment Palisade Wall x7 |
| 11:08 | EL_REY_TUT · age_up feudal |
| 11:12 | FMG | GreatMaty · wall_segment Palisade Wall x6 |
| 11:13 | Tio GG La venganza de los sith · wall_segment Palisade Wall x1 |
| 11:16 | Niilcha · wall_segment Palisade Wall x7 |
| 11:17 | Niilcha · wall_segment Palisade Wall x1 |
| 11:21 | EL_REY_TUT · first_building Archery Range |
| 11:25 | Collllin · wall_segment Palisade Wall x1 |
| 11:26 | Collllin · wall_segment Palisade Wall x1 |
| 11:35 | Niilcha · wall_segment Palisade Wall x1 |
| 11:46 | EL_REY_TUT · wall_segment Palisade Wall x1 |
| 11:47 | FMG | GreatMaty · wall_segment Palisade Wall x6 |
| 11:48 | FMG | GreatMaty · wall_segment Palisade Wall x4 |
| 11:50 | EL_REY_TUT · wall_segment Palisade Wall x1 |
| 11:57 | DL | Tortafuller · wall_segment Palisade Wall x3 |
| 12:01 | DL | Tortafuller · wall_segment Palisade Wall x3 |
| 12:03 | DL | Tortafuller · wall_segment Palisade Wall x3 |
| 12:39 | Niilcha · wall_segment Palisade Wall x4 |
| 12:49 | Tio GG La venganza de los sith · wall_segment Palisade Wall x7 |
| 12:54 | Niilcha · wall_segment Palisade Wall x7 |
| 13:16 | DL | The King Slayer · wall_segment Palisade Wall x13 |
| 13:16 | DL | Tortafuller · wall_segment Palisade Wall x1 |
| 13:33 | FMG | GreatMaty · wall_segment Palisade Wall x7 |
| 13:36 | DL | Tortafuller · wall_segment Palisade Wall x7 |
| 13:38 | Tio GG La venganza de los sith · wall_segment Palisade Wall x1 |
| 13:39 | Tio GG La venganza de los sith · wall_segment Palisade Wall x1 |
| 13:41 | Tio GG La venganza de los sith · wall_segment Palisade Wall x1 |
| 13:45 | DL | Tortafuller · wall_segment Palisade Wall x4 |
| 13:52 | Tio GG La venganza de los sith · wall_segment Palisade Wall x1 |
| 14:26 | Tio GG La venganza de los sith · wall_segment Palisade Wall x4 |
| 14:29 | Collllin · wall_segment Palisade Wall x1 |
| 14:34 | Tio GG La venganza de los sith · wall_segment Palisade Wall x4 |
| 14:38 | Tio GG La venganza de los sith · wall_segment Palisade Wall x1 |
| 14:44 | Tio GG La venganza de los sith · wall_segment Palisade Wall x1 |
| 14:53 | Tio GG La venganza de los sith · wall_segment Palisade Wall x1 |
| 15:37 | Collllin · resign |
| 15:40 | Tio GG La venganza de los sith · wall_segment Palisade Wall x6 |
| 15:49 | DL | Tortafuller · wall_segment Palisade Wall x1 |
| 15:54 | DL | Tortafuller · wall_segment Palisade Wall x1 |
| 15:57 | DL | Tortafuller · wall_segment Palisade Wall x1 |
| 16:03 | Tio GG La venganza de los sith · wall_segment Palisade Wall x5 |
[ AI ANALYSIS · 1 CREDIT ]
What really happened in this match?
Wolo.gg analyzes every decision: build order, eco, micro, common mistakes by bracket. Personalized analysis on WhatsApp or Discord in 30 seconds.
Civ guide
Persians
Perfil
DL | The King Slayer